 Dungeon Crawl Stone Soup version 0.28.0-53-g5a82cb258f (webtiles) character file.

Game seed: 5607430549046892772

791 bnorton916 the Magician (level 7, -2/36 HPs)
             Began as a Deep Elf Fire Elementalist on Aug 9, 2022.
             Was an Initiate of Gozag.
             Slain by Maggie
             ... wielding a +2 vorpal scimitar
              (3 damage)
             ... on level 7 of the Dungeon.
             The game lasted 00:06:22 (6234 turns).

bnorton916 the Magician (DEFE)                      Turns: 6234, Time: 00:06:23

Health: -2/36      AC:  4    Str:  5    XL:     7   Next: 57%
Magic:  15/19      EV: 12    Int: 22    God:    Gozag
Gold:   511        SH:  0    Dex: 15    Spells: 14/20 levels left

rFire   + . .      SeeInvis +   g - staff of fire
rCold   . . .      Faith    .   (no shield)
rNeg    . . .      Spirit   .   a - +0 robe
rPois   .          Reflect  .   m - +0 helmet
rElec   .          Harm     .   (no cloak)
rCorr   .          Rampage  .   (no gloves)
Will    .....                   p - +0 pair of boots
Stlth   ++........              (no amulet)
HPRegen 0.12/turn               d - ring of see invisible
MPRegen 0.16/turn               (no ring)

@: weak-willed, mesmerised
A: no striking features
a: Renounce Religion, Potion Petition, Call Merchant, Bribe Branch


You were on level 7 of the Dungeon.
You worshipped Gozag.
Gozag was pleased with you.
You visited 1 branch of the dungeon, and saw 5 of its levels.

You collected 565 gold pieces.
You paid 54 gold pieces to Gozag.

Inventory:

Hand Weapons
 h - a +2 hand axe of venom
Missiles
 b - 176 stones
 o - 3 javelins
 s - 7 poisoned darts
Armour
 a - a +0 robe (worn)
 e - a +0 pair of boots
 m - a +0 helmet (worn)
 p - a +0 pair of boots (worn)
Magical Staves
 g - a staff of fire (weapon)
Jewellery
 d - a ring of see invisible (left hand)
Wands
 k - a wand of flame (28)
Scrolls
 l - a scroll of immolation
 r - a scroll of magic mapping {unknown}
Potions
 i - a potion of haste
 j - a potion of invisibility
 q - a potion of berserk rage


   Skills:
 - Level 2.4 Dodging
 - Level 2.4 Stealth
 + Level 7.1 Spellcasting
 + Level 5.3 Conjurations
 + Level 6.3 Fire Magic


You had 14 spell levels left.
You knew the following spells:

 Your Spells              Type           Power      Damage    Failure   Level
a - Foxfire               Conj/Fire      100%       2x1d9     1%          1
b - Scorch                Fire           100%       2d10      1%          2
c - Conjure Flame         Conj/Fire      50%        6-21      2%          3

Your spell library contained the following spells:

 Spells                   Type           Power      Damage    Failure   Level
 Inner Flame              Hex/Fire       32%        N/A       7%          3
 Flame Wave               Conj/Fire      50%        2d10      8%          4


Dungeon Overview and Level Annotations

Branches:
Dungeon (4/15)             Temple (0/1) D:4

Altars:
Elyvilon
Gozag
Makhleb
Uskayaw
Wu Jian
Xom

Annotations:
D:7 Maggie


Message History

HP restored.
You start resting.
You hear the steady creaking of a very distant portcullis.
You now have 511 gold pieces (gained 18).
Items here: ))) [[.
Okay, then.
Maggie the Vainglorious comes into view.
She is wielding a +2 vorpal scimitar.
The orc priest shouts!
Maggie shouts!
The orc priest mumbles some strange prayers to Beogh against you.
Pain shoots through your body!
Maggie gestures wildly while chanting.
Maggie attempts to bespell you!
You are mesmerised by Maggie!
You cannot move away from Maggie!
You cannot move away from Maggie!
As you read the scroll labelled BIDYAZ PISKIY, it crumbles to dust.
It is a scroll of identify.
i - a potion of haste
As you read the scroll of identify, it crumbles to dust.
j - a potion of invisibility
As you read the scroll of identify, it crumbles to dust.
q - a potion of berserk rage
As you read the scroll of identify, it crumbles to dust.
c - a scroll of blinking
As you read the scroll of identify, it crumbles to dust.
l - a scroll of immolation The orc priest invokes the aid of Beogh against you.
Beogh smites you!
* * * LOW HITPOINT WARNING * * *
You cannot move away from Maggie!
Unknown command.
Blink to where?
Press: ? - help, Dir - move target
As you read the scroll of blinking, it crumbles to dust.
As you read the scroll labelled UZOIZXIAHA, it crumbles to dust.
Magic quickly surges around you.
It was a scroll of vulnerability.
Maggie hits you with a +2 vorpal scimitar!
* * * LOW HITPOINT WARNING * * *
You die...
Your body crumbles into a pile of gold.

#..........# #.#
#...##)###.# ####.#
#........# #...)#
####)##### #.####
##'## #ยง# ##...##
#.# ##.....## #o# #
##.......## #@#.##
#.........# #@...#
+.........+.......#
#.........#.#.....#
##.......##.#.#.#.#
##.....### #.### #
##...## #.. ##+##
###


You could see Maggie (mesmerising, weak-willed) and an orc priest (weak-willed).

Vanquished Creatures
  Sigmund (D:3)
  A centaur (D:7)
  3 wights (D:4)
  2 hounds
  An orc priest (D:4)
  Terence (D:3)
  An iguana (D:4)
  An orc wizard (D:7)
  A hound skeleton (D:4)
  5 adders
  10 gnolls
  A dart slug (D:4)
  11 orcs
  6 endoplasms
  A giant cockroach (D:1)
  10 goblins
  6 hobgoblins
  4 jackals (D:4)
  2 quokkas (D:3)
  9 ball pythons
  5 bats
  12 frilled lizards
  8 kobolds
  6 rats
108 creatures vanquished.

Vanquished Creatures (others)
  371 foxfires
  11 plants (D:3)
382 creatures vanquished.

Grand Total: 490 creatures vanquished

Notes
Turn   | Place    | Note
-------+----------+-------------------------------------------
     0 | D:1      | bnorton916 the Deep Elf Fire Elementalist began the quest
                  | for the Orb.
     0 | D:1      | Reached XP level 1. HP: 10/10 MP: 6/6
   555 | D:1      | Reached XP level 2. HP: 15/15 MP: 4/8
   653 | D:1      | Learned a level 2 spell: Scorch
  1492 | D:2      | Reached XP level 3. HP: 19/19 MP: 7/10
  1493 | D:2      | Reached skill level 4 in Spellcasting
  1784 | D:2      | Reached XP level 4. HP: 24/24 MP: 6/12
  2242 | D:2      | Found a shimmering altar of Xom.
  2739 | D:3      | Noticed Sigmund
  2749 | D:3      | Learned a level 3 spell: Conjure Flame
  2772 | D:3      | Killed Sigmund
  2773 | D:3      | Reached skill level 5 in Spellcasting
  2773 | D:3      | Reached skill level 5 in Fire Magic
  2773 | D:3      | Reached XP level 5. HP: 28/28 MP: 0/14
  2773 | D:3      | Reached XP level 6. HP: 32/32 MP: 0/16
  3252 | D:3      | Found an opulent altar of Gozag.
  3311 | D:3      | Found a burning altar of Makhleb.
  3356 | D:3      | Became a worshipper of Gozag Ym Sagoz the Greedy
  3823 | D:3      | Found an ornate altar of the Wu Jian Council.
  3850 | D:3      | Found a white marble altar of Elyvilon.
  3994 | D:3      | Noticed Terence
  4002 | D:3      | Killed Terence
  4555 | D:4      | Reached skill level 6 in Spellcasting
  4626 | D:4      | Found a staircase to the Ecumenical Temple.
  4831 | D:4      | Reached XP level 7. HP: 36/36 MP: 0/18
  5796 | D:4      | Reached skill level 5 in Conjurations
  5861 | D:4      | You fall into a shaft and drop 3 floors!
  5887 | D:7      | Reached skill level 7 in Spellcasting
  6154 | D:7      | Found a hide-covered altar of Uskayaw.
  6226 | D:7      | Noticed Maggie
  6234 | D:7      | HP: 1/36 [Maggie/+2 vorpal scimitar (8)]
  6234 | D:7      | Slain by Maggie

Illustrated notes

Levels and vault maps discovered:
D:1:      saegor_arrival_simple_c, layout_basic, minmay_pentomino_z4
D:2:      layout_rooms, basic_altar, kennysheep_path_1, minmay_misc_feat_rugged,
          st_stairs_9, minmay_stone_trees_medium, minmay_lizard_pond
D:3:      kennysheep_six_static_rooms, layout_basic, amcnicky_altar_gilded,
          grunt_gozag_statues, mainiacjoe_overflow_big_doors,
          serial_bayou_pond_e, nicolae_grassy_gnolls, uniq_sigmund, uniq_terence
D:4:      layout_loops_cross, minmay_temple_entry_ruins
D:7:      layout_loops_corners, mainiacjoe_overflow_alcove_1, enter_bailey_2,
          uniq_maggie, uniq_menkaure, uniq_joseph, uniq_harold

Skill      XL: |  1  2  3  4  5  6  7 |
---------------+----------------------+-----
Conjurations   | 2 3 4 5 |  5.3
Spellcasting   | 4 5 6 7 |  7.1
Fire Magic     | 4 5 6 |  6.3
Dodging        | |  2.4
Stealth        | |  2.4

Action                   |  1- 3 |  4- 6 |  7- 9 || total
-------------------------+-------+-------+-------++-------
Melee: Staff             |       |       |     1 ||     1
 Cast: Foxfire           |    85 |   109 |    36 ||   230
       Scorch            |     7 |    27 |    11 ||    45
       Conjure Flame     |       |     3 |     1 ||     4
  Use: Potion            |       |     2 |       ||     2
       Scroll            |       |       |     7 ||     7
Armor: Robe              |     2 |     5 |     4 ||    11
Dodge: Dodged            |     3 |    13 |    13 ||    29
